 Dungeon Sprint DCSS version 0.30-a0-1114-gd936c97349 (webtiles) character file.

Game seed: 3438941644261109776

2125 123456 the Fighter (level 9, -62/96 HPs)
             Began as a Minotaur Fighter on Apr 20, 2023.
             Was an Initiate of Gozag.
             Annihilated by an enormous slime creature (illusionary) (75 damage)
             ... in the Dungeon (Sprint IX: "|||||||||||||||||||||||||||||").
             The game lasted 00:01:24 (512 turns).

123456 the Fighter (Minotaur Fighter)                Turns: 512, Time: 00:01:25

Health: -62/96     AC: 17    Str: 23    XL:     9   Next: 8%
Magic:  8/8        EV: 14    Int:  8    God:    Gozag
Gold:   459        SH:  0    Dex: 12    Spells: 8/8 levels left

rFire   . . .      SeeInvis .    n - +2 dire flail (protect)
rCold   . . .      Faith    .    (shield currently unavailable)
rNeg    . . .      Spirit   .    b - +2 ring mail
rPois   .          Reflect  .    (helmet restricted)
rElec   .          Rampage  .    a - +0 cloak
rCorr   .          NoTele   +    (no gloves)
Will    .....                    (no boots)
Stlth   +                        (no amulet)
HPRegen 0.36/turn                c - +3 ring of intelligence
MPRegen 0.11/turn                (no ring)

@: gold aura, under a protective aura
A: horns 2, retaliatory headbutt
a: Renounce Religion, Potion Petition, Call Merchant, Bribe Branch


You were in the Dungeon.
You worshipped Gozag.
Gozag was aware of your devotion.
You visited 1 branch You collected 459 gold pieces.

Inventory:

Hand Weapons
 n - a +2 dire flail of protection (weapon)
Armour
 a - a +0 cloak (worn)
 b - a +2 ring mail (worn)
Jewellery
 c - a +3 ring of intelligence (left hand)
 o - a +3 ring of intelligence
Wands
 m - a wand of light (10)
Scrolls
 j - 2 scrolls of blinking
 l - 2 scrolls of amnesia
Potions
 d - a potion of might
 e - 5 potions of curing
 g - a potion of haste
 h - 4 potions of magic
 i - a potion of berserk rage
 k - a potion of invisibility


   Skills:
 * Level 14.5 Fighting
 * Level 14.3 Maces & Flails
 + Level 10.7 Armour
 + Level 9.2 Dodging
 - Level 3.6 Shields


You had 8 spell levels left.
You didn't know any spells.
Your spell library was empty.

Dungeon Overview and Level Annotations

Branches:
Dungeon (1/1)

Altars:
Cheibriados
Dithmenos
Elyvilon
Fedhas
Gozag
Hepliaklqana
Kikubaaqudgha
Makhleb
Nemelex Xobeh
Okawaru
Qazlal
Ru
Sif Muna
Trog
Uskayaw
Vehumet
Wu Jian
Xom
Yredelemnul
Zin
The Shining One
Jiyva
Lugonu


Innate Abilities, Weirdness & Mutations

You have a pair of horns on your head.
You reflexively headbutt those who attack you in melee.


Message History

Unknown command.
You feel much better. The large slime creature hits you!!
* * * LOW HITPOINT WARNING * * *
You completely miss the large slime creature.
The large slime creature is heavily wounded.
The large slime creature barely misses you.
You furiously retaliate!
You headbutt the large slime creature! You thump the large slime creature!
The large slime creature is severely wounded.
The rakshasa weaves an illusion.
The large slime creature barely misses you.
You furiously retaliate!
You headbutt the large slime creature! You bludgeon the large slime creature!!
The large slime creature is almost dead.
You feel much better.
The large slime creature closely misses you.
You furiously retaliate!
You headbutt the large slime creature!
You kill the large slime creature!
Your Maces & Flails skill increases to level 14!
Your Dodging skill increases to level 9!
You have reached level 9!
Your experience leads to an increase in your attributes!
Your base attributes are Str 21, Int 5, Dex 12.
Increase (S)trength, (I)ntelligence, or (D)exterity?
You feel stronger. x2
You sock the enormous slime creature!
You headbutt the enormous slime creature!
The enormous slime creature is moderately wounded.
The enormous slime creature hits you!!
* * * LOW HITPOINT WARNING * * *
You bludgeon the enormous slime creature!!
The enormous slime creature is severely wounded.
You barely miss the enormous slime creature.
You headbutt the enormous slime creature, but do no damage.
The enormous slime creature is severely wounded.
The rakshasa hits you but does no damage.
The enormous slime creature hits you!!!!
Ouch! That really hurt!
You die...
Your body crumbles into a pile of gold. $$$$ $ $ $ $$$$$ $ $ $ ▓▓▓▓▓▓▓▓▓▓▓▓▓▓▓▓▓▓▓▓▓▓▓▓ ..[..[...)......@JR....+ ▓▓▓▓▓▓▓▓▓▓▓▓▓▓▓▓▓▓▓▓▓▓▓▓

You could see a rakshasa and an enormous slime creature.

Vanquished Creatures
  A two-headed ogre (D)
  A cyclops (D)
  A slime creature (D)
  An unseen horror (D)
  A wraith (D)
  A wyvern (D)
  A black bear (D)
  A centaur (D)
  2 kobold brigands (D)
  A hound (D)
  An orc wizard (D)
  An iguana (D)
  An adder (D)
  2 dart slugs (D)
  An endoplasm (D)
  A giant cockroach (D)
  2 goblins (D)
20 creatures vanquished.

Notes
Turn   | Place    | Note
-------+----------+-------------------------------------------
     0 | D        | 123456 the Minotaur Fighter began the quest for the Orb.
     0 | D        | Reached XP level 1. HP: 19/19 MP: 0/0
    14 | D        | Reached skill level 1 in Dodging
    22 | D        | Reached XP level 2. HP: 18/28 MP: 1/1
    70 | D        | Noticed a black bear
    82 | D        | Killed a black bear
    83 | D        | Reached skill level 5 in Armour
    83 | D        | Reached XP level 3. HP: 15/39 MP: 2/2
    83 | D        | Reached XP level 4. HP: 19/47 MP: 3/3
    87 | D        | Reached XP level 5. HP: 18/53 MP: 4/4
   217 | D        | Found a snail-covered altar of Cheibriados.
   217 | D        | Found a shadowy altar of Dithmenos.
   217 | D        | Found a white marble altar of Elyvilon.
   217 | D        | Found a blossoming altar of Fedhas.
   217 | D        | Found an opulent altar of Gozag.
   218 | D        | Found a hazy altar of Hepliaklqana.
   219 | D        | Found a viscous altar of Jiyva.
   220 | D        | Found an ancient bone altar of Kikubaaqudgha.
   221 | D        | Found a corrupted altar of Lugonu.
   222 | D        | Found a burning altar of Makhleb.
   223 | D        | Found a sparkling altar of Nemelex Xobeh.
   224 | D        | Found an iron altar of Okawaru.
   225 | D        | Found a stormy altar of Qazlal.
   229 | D        | Became a worshipper of Gozag Ym Sagoz the Greedy
   235 | D        | Found a sacrificial altar of Ru.
   236 | D        | Found a shimmering blue altar of Sif Muna.
   237 | D        | Found a bloodstained altar of Trog.
   238 | D        | Found a hide-covered altar of Uskayaw.
   239 | D        | Found a radiant altar of Vehumet.
   240 | D        | Found an ornate altar of the Wu Jian Council.
   241 | D        | Found a shimmering altar of Xom.
   242 | D        | Found a basalt altar of Yredelemnul.
   243 | D        | Found a glowing silver altar of Zin.
   244 | D        | Found a glowing golden altar of the Shining One.
   288 | D        | Noticed a centaur
   288 | D        | Noticed a wyvern
   288 | D        | Noticed a wraith
   296 | D        | Reached skill level 5 in Dodging
   303 | D        | Reached XP level 6. HP: 40/66 MP: 5/5
   306 | D        | Reached skill level 10 in Fighting
   310 | D        | Reached skill level 10 in Maces & Flails
   315 | D        | Killed a wyvern
   316 | D        | Reached XP level 7. HP: 25/74 MP: 6/6
   322 | D        | Killed a wraith
   477 | D        | Noticed a two-headed ogre
   477 | D        | Noticed a cyclops
   477 | D        | Noticed a rakshasa
   477 | D        | Noticed a slime creature
   477 | D        | Noticed a slime creature
   480 | D        | Killed a two-headed ogre
   481 | D        | Reached XP level 8. HP: 41/86 MP: 7/7
   485 | D        | Killed an unseen horror
   486 | D        | Reached skill level 10 in Armour
   490 | D        | Killed a cyclops
   509 | D        | Killed a large slime creature
   510 | D        | Reached XP level 9. HP: 48/96 MP: 8/8
   512 | D        | Annihilated by an enormous slime creature (illusionary)

Illustrated notes

Levels and vault maps discovered:
D:        linesprint [early_d, line_temple, items_1, d_10, items_2, lair_1,
          lair_end, items_3, orc_1, orc_end, items_4, d_15, swamp_1, shoals_1,
          snake_1, spider_1, d_20, vaults_1, items_5, swamp_end, shoals_end,
          snake_end, spider_end, vaults_end, d_27, items_6, zot_1, zot_end,
          crypt_end, forest_end, elf_end, slime_end, tomb_end, abyss_end,
          pan_hell_end]

Skill      XL: |  1  2  3  4  5  6  7  8 |
---------------+-------------------------+-----
Fighting       | 4 7 8 9 11 13 14 | 14.5
Maces & Flails | 3 6 7 9 10 12 14 | 14.3
Dodging        | 1 3 4 5 6 8 9 |  9.2
Armour         | 4 5 6 7 8 9 10 | 10.7
Shields        | |  3.6

Action                     |  1- 3 |  4- 6 |  7- 9 || total
---------------------------+-------+-------+-------++-------
  Melee: Flail             |    29 |     7 |       ||    36
         Headbutt          |     3 |     5 |    14 ||    22
         Dire flail        |       |    24 |    34 ||    58
    Use: Potion            |       |       |     3 ||     3
   Stab: Distracted        |       |       |     1 ||     1
 Armour: Scale mail        |    19 |     1 |       ||    20
         Skin              |       |     4 |     1 ||     5
         Ring mail         |       |       |     9 ||     9
  Dodge: Dodged            |    15 |    17 |     8 ||    40
  Block: Buckler           |     8 |       |       ||     8

Table legend: (Time is in decaauts)
 A = Elapsed time spent in this place.
 B = Non-inter-level travel time spent in this place.
 C = Inter-level travel time spent in this place.
 D = Time resting spent in this place.
 E = Time spent auto-exploring this place.
 F = Levels seen in this place.
 G = Mean time per level.
                   A        B        C        D        E       F      G
               +--------+--------+--------+--------+--------+-----+--------+
         Total |    505 |    505 |      0 |    254 |     58 |   1 |  505.0 |
       Dungeon |    505 |    505 |      0 |    254 |     58 |   1 |  505.0 |
               +--------+--------+--------+--------+--------+-----+--------+

Top non-repeatable levels by time:
       D: 505 daAuts
